 Dungeon Crawl Stone Soup version 0.24.0-28-g17ded55e90 (webtiles) character file.

Game seed: 18227347532403235108, levelgen mode: deterministic

10724 McKennaii the Cleaver (level 11, 0/81 HPs)
             Began as a Demonspawn Fighter on Nov 13, 2019.
             Was an Elder of Makhleb.
             Slain by a worker ant (4 damage)
             ... on level 11 of the Dungeon.
             The game lasted 00:24:19 (11042 turns).

McKennaii the Cleaver (Demonspawn Fighter)         Turns: 11042, Time: 00:24:20

Health: 0/81       AC:  6    Str: 19    XL:     11   Next: 39%
Magic:  4/15       EV:  5    Int: 10    God:    Makhleb [****..]
Gold:   389        SH: 17    Dex: 13    Spells: 10/10 levels left

rFire    . . .     SeeInvis .   s - +0 broad axe
rCold    . . .     Gourm    .   c - +0 shield
rNeg     . . .     Faith    .   b - +0 plate armour
rPois    .         Spirit   .   q - +2 hat
rElec    .         Reflect  +   o - +2 cloak
rCorr    .         Harm     .   (no gloves)
MR       .....                  (boots unavailable)
Stlth    ..........             E - +3 amulet of reflection
HPRegen  0.23/turn              C - ring of flight
MPRegen  0.14/turn              (no ring)

@: corroded
A: talons 3, large bone plates 1, spiny 1, rot immunity
a: Minor Destruction, Lesser Servant of Makhleb, Major Destruction, Renounce
Religion, Evoke Flight


You were on level 11 of the Dungeon.
You worshipped Makhleb.
Makhleb was greatly pleased with you.
You were not hungry.

You visited 1 branch of the dungeon, and saw 11 of its levels.
You also visited: Sewer and Bailey.

You collected 649 gold pieces.
You spent 260 gold pieces at shops.

Inventory:

Hand Weapons
 s - a +0 broad axe (weapon)
 G - a +4 halberd of electrocution
Armour
 b - a +0 plate armour (worn)
 c - a +0 shield (worn)
 o - a +2 cloak (worn)
 q - a +2 hat (worn)
Jewellery
 C - a ring of flight (left hand)
 E - a +3 amulet of reflection (around neck)
Wands
 e - a wand of scattershot (6)
 n - a wand of flame (9)
 p - a wand of iceblast (9)
Scrolls
 g - 2 scrolls of fog
 h - 9 scrolls of identify
 j - 2 scrolls of amnesia
 t - 8 scrolls of teleportation
 u - 4 scrolls of remove curse
 y - 2 scrolls of blinking {unknown}
 A - a scroll of magic mapping {unknown}
 F - a scroll of acquirement {unknown}
Potions
 a - 8 potions of curing {unknown}
 d - 9 potions of might
 i - 3 potions of berserk rage
 k - 2 potions of magic
 l - 3 potions of invisibility {unknown}
 m - a potion of lignification {unknown}
 r - 2 potions of resistance {unknown}
 v - 2 potions of degeneration {unknown}
 w - a potion of haste
 x - 10 potions of heal wounds {unknown}
 z - a potion of cancellation {unknown}
 B - a potion of ambrosia {unknown}
 D - 3 potions of mutation {unknown}
Comestibles
 f - 19 rations


   Skills:
 + Level 6.1 Fighting
 * Level 11.7 Axes
 * Level 6.9 Armour
 + Level 2.7 Dodging
 + Level 1.0 Stealth
 + Level 7.0 Shields
 * Level 6.4 Invocations
 + Level 0.7 Evocations


You had 10 spell levels left.
You didn't know any spells.
Your spell library contained the following spells:

 Spells                   Type           Power        Failure   Level  Hunger
 Flame Tongue             Conj/Fire      #....        100%        1    ##.....
 Magic Dart               Conj           #...         100%        1    ##.....
 Blink                    Tloc           N/A          100%        2    ###....
 Call Imp                 Summ           #.......     100%        2    ###....
 Searing Ray              Conj           #.....       100%        2    ###....
 Slow                     Hex            #.......     100%        2    ###....
 Throw Flame              Conj/Fire      #.....       100%        2    ###....
 Conjure Flame            Conj/Fire      #.......     100%        3    ####...
 Dazzling Spray           Conj/Hex       #.....       100%        3    ####...
 Inner Flame              Hex/Fire       #.......     100%        3    ####...
 Mephitic Cloud           Conj/Pois/Air  #.......     100%        3    ####...
 Force Lance              Conj/Tloc      #.......     100%        4    #####..
 Fulminant Prism          Conj/Hex       #.........   100%        4    #####..
 Iskenderun's Mystic Bla  Conj           #.......     100%        4    #####..
 Sticky Flame             Conj/Fire      #.......     100%        4    #####..
 Fireball                 Conj/Fire      #.........   100%        5    ######.


Dungeon Overview and Level Annotations

Branches:
Dungeon (11/15)            Temple (0/1) D:7            Lair (0/6) D:8
    Orc (0/2) D:9           Sewer (visited)          Bailey (visited)

Altars:
Ashenzari
Cheibriados
Dithmenos
Elyvilon
Gozag
Makhleb
Nemelex Xobeh
Ru
Sif Muna
Uskayaw
Vehumet
Wu Jian
Xom
Zin
The Shining One

Shops:
D:4 ([   D:8 :(}:=


Innate Abilities, Weirdness & Mutations

You have claws for feet.
You are partially covered in large bone plates. (SH +4)
You are partially covered in sharp spines.
You are immune to rotting.


Message History

You hear a shout!
Okay, then.
Okay, then.
The worker ant waves its antennae.
The wyvern is struck by your spines. The wyvern bites you.
* * * LOW HITPOINT WARNING * * *
You hit the wyvern. Your kick misses the wyvern.
The wyvern is almost dead.
You hit the acid dragon but do no damage.
The acid dragon is struck by your spines.
The acid dragon bites you but does no damage.
The acid dragon claws you.
* * * LOW HITPOINT WARNING * * *
You block the wyvern's attack.
You barely miss the wyvern. You claw the wyvern, but do no damage.
The wyvern is almost dead.
Your shield prevents you from hitting the acid dragon.
You hit the worker ant. You block the wyvern's attack.
The worker ant bites you.
You die...

......... #........
#.#.#.... #.....#..
#$.......
####.#†##...
#######......#....
####.D...............
#.<.@lo..G.......#...
#....a...............
#....)............#..
#(..))............# .
#.................#
#...................
#.................##
#..[.............##
#........##.....##


You could see an eye of draining, a wyvern, an acid dragon, a worker ant and an
orc.

Vanquished Creatures
  A centaur warrior (D:10)
  A troll (D:9)
  2 hippogriffs
  Sigmund (D:2)
  A yak (D:8)
  Eustachio (D:6)
  A steam dragon (D:9)
  3 hungry ghosts
  3 water moccasins
  12 orc warriors
  2 porcupines (D:8)
  2 black bears (D:8)
  3 sky beasts
  An eye of draining (D:8)
  3 ice beasts
  2 phantoms
  7 ogres
  A centaur (D:6)
  A crocodile (D:8)
  6 big kobolds
  9 bullfrogs
  A gnoll sergeant (D:7)
  A water moccasin zombie (D:8)
  A water moccasin skeleton (D:8)
  4 scorpions
  5 killer bees
  3 wights (D:6)
  An electric eel (D:10)
  8 howler monkeys
  3 crimson imps
  A bullfrog zombie (D:6)
  3 centaur zombies
  4 hounds
  2 jellies
  9 orc priests
  Crazy Yiuf (D:2)
  3 centaur skeletons
  A bullfrog skeleton (D:4)
  Terence (D:3)
  8 iguanas
  11 worker ants
  20 orc wizards
  5 hound skeletons
  A worker ant zombie (D:4)
  18 gnolls
  16 adders
  2 river rats
  2 shadow imps
  5 oozes (Sewer)
  An adder zombie (D:4)
  4 worms
  4 adder skeletons
  A dart slug (D:4)
  3 leopard geckos
  47 orcs
  7 bats
  2 giant cockroaches
  6 goblins
  16 hobgoblins
  9 jackals
  29 kobolds
  6 quokkas
  A ball python (D:3)
  A ball python zombie (D:4)
  11 frilled lizards
  A giant cockroach zombie (D:4)
  A jackal zombie (D:4)
  A leopard gecko skeleton (D:4)
  A leopard gecko zombie (D:4)
  A quokka skeleton (D:6)
  21 rats
  7 fungi
  7 plants (D:8)
391 creatures vanquished.

Vanquished Creatures (others)
  A centaur (D:10)
  2 kobolds
  5 fungi (D:8)
  A plant (D:8)
9 creatures vanquished.

Grand Total: 400 creatures vanquished

Notes
Turn   | Place    | Note
-------+----------+-------------------------------------------
     0 | D:1      | McKennaii the Demonspawn Fighter began the quest for the
                  | Orb.
     0 | D:1      | Reached XP level 1. HP: 18/18 MP: 1/1
   215 | D:1      | Gained mutation: You are immune to rotting. [demonic
                  | ancestry]
   215 | D:1      | Reached XP level 2. HP: 23/24 MP: 2/2
   424 | D:1      | Reached skill level 2 in Axes
   850 | D:2      | Reached XP level 3. HP: 27/29 MP: 3/3
  1195 | D:2      | Noticed Sigmund
  1213 | D:2      | Killed Sigmund
  1213 | D:2      | Reached skill level 3 in Axes
  1213 | D:2      | Gained mutation: You have sharp toenails. [demonic
                  | ancestry]
  1213 | D:2      | Reached XP level 4. HP: 3/36 MP: 4/4
  1213 | D:2      | Gained mutation: You are partially covered in sharp spines.
                  | [demonic ancestry]
  1213 | D:2      | Reached XP level 5. HP: 3/41 MP: 5/5
  1518 | D:2      | Found a shimmering altar of Xom.
  1715 | D:2      | Found a shimmering blue altar of Sif Muna.
  1777 | D:2      | Found an opulent altar of Gozag.
  2008 | D:2      | Found a runed translucent door.
  2009 | D:2      | Noticed Crazy Yiuf
  2019 | D:2      | Killed Crazy Yiuf
  2228 | D:3      | Found an ornate altar of the Wu Jian Council.
  2228 | D:3      | Found a shadowy altar of Dithmenos.
  2229 | D:3      | Found a glowing silver altar of Zin.
  2401 | D:3      | Found a sparkling altar of Nemelex Xobeh.
  2447 | D:3      | Noticed Terence
  2458 | D:3      | Killed Terence
  2458 | D:3      | Reached XP level 6. HP: 41/48 MP: 6/6
  2898 | D:4      | Found a shattered altar of Ashenzari.
  2937 | D:4      | Reached skill level 4 in Axes
  3040 | D:4      | Found Weil Went's Armour Shoppe.
  3140 | D:4      | Reached skill level 1 in Dodging
  3202 | D:4      | Gained mutation: You have razor-sharp toenails. [demonic
                  | ancestry]
  3202 | D:4      | Reached XP level 7. HP: 34/54 MP: 7/7
  3407 | D:4      | Reached skill level 5 in Axes
  3582 | D:4      | Found Kugeppud's Antique Weapon Emporium.
  3670 | D:4      | Bought a broad axe for 88 gold pieces
  4080 | D:5      | Entered Level 5 of the Dungeon
  4084 | D:5      | Found a glowing golden altar of the Shining One.
  4260 | D:5      | Found a snail-covered altar of Cheibriados.
  4336 | D:5      | Gained mutation: You have claws for feet. [demonic
                  | ancestry]
  4336 | D:5      | Reached XP level 8. HP: 47/61 MP: 8/8
  4439 | D:5      | Reached skill level 6 in Axes
  4506 | D:5      | Reached skill level 5 in Shields
  5028 | D:5      | Found a white marble altar of Elyvilon.
  5214 | D:6      | Found a burning altar of Makhleb.
  5219 | D:6      | Reached skill level 7 in Axes
  5223 | D:6      | Became a worshipper of Makhleb the Destroyer
  5355 | D:6      | Found a glowing drain.
  5376 | Sewer    | Entered a sewer
  5410 | Sewer    | Reached XP level 9. HP: 49/67 MP: 9/9
  5473 | Sewer    | Reached * piety under Makhleb
  5502 | Sewer    | Reached skill level 8 in Axes
  5956 | D:6      | Noticed Eustachio
  5963 | D:6      | Reached skill level 5 in Fighting
  5963 | D:6      | Reached skill level 1 in Invocations
  5974 | D:6      | Killed Eustachio
  6140 | D:6      | Reached skill level 9 in Axes
  6168 | D:6      | Reached skill level 5 in Armour
  6175 | D:6      | Reached ** piety under Makhleb
  6436 | D:7      | Found a radiant altar of Vehumet.
  6460 | D:7      | Found a staircase to the Ecumenical Temple.
  6693 | D:7      | Got a heavily runed lead ring
  6694 | D:7      | Identified the cursed ring of Miracles {rPois Str-3 Int+4}
                  | (You found it on level 7 of the Dungeon)
  6787 | D:7      | Reached XP level 10. HP: 55/74 MP: 12/12
  6930 | D:7      | Reached skill level 10 in Axes
  7149 | D:7      | Reached skill level 1 in Stealth
  7509 | D:8      | Found a staircase to the Lair.
  7555 | D:8      | Reached *** piety under Makhleb
  7627 | D:8      | Found Igowomet's Book Emporium.
  7644 | D:8      | Found Xotat's Book Shop.
  7698 | D:8      | Found Muap's Gadget Emporium.
  7700 | D:8      | Found a hide-covered altar of Uskayaw.
  7757 | D:8      | Found Viwon's Jewellery Boutique.
  7764 | D:8      | Bought a +3 amulet of reflection for 172 gold pieces
  7974 | D:8      | Found Hurch's Antique Weapon Emporium.
  8033 | D:8      | Reached skill level 11 in Axes
  8034 | D:8      | Reached skill level 5 in Invocations
  8257 | D:9      | Found a flagged portal.
  8471 | Bailey   | Entered a bailey
  8694 | Bailey   | Reached **** piety under Makhleb
  9081 | D:9      | Gained mutation: You are partially covered in large bone
                  | plates. (SH +4) [demonic ancestry]
  9081 | D:9      | Reached XP level 11. HP: 81/81 MP: 13/15
  9534 | D:9      | Found a sacrificial altar of Ru.
  9807 | D:9      | Found a staircase to the Orcish Mines.
 10130 | D:10     | Entered Level 10 of the Dungeon
 10219 | D:10     | Noticed a centaur warrior
 10226 | D:10     | Killed a centaur warrior
 11040 | D:11     | HP: 4/81 [wyvern (4)]
 11042 | D:11     | Slain by a worker ant

Levels and vault maps discovered:
D:1:      psy_arrival_heroes, layout_basic, serial_bayou_ford_a,
          minmay_rat_gold_closets
D:2:      minmay_diamond_boxcup, layout_loops_ring, lemuel_blue_sif_altar,
          xom_teletrap_fun, old_standard_altar, first_ration, uniq_sigmund,
          uniq_crazy_yiuf_cottage
D:3:      layout_loops_ring, nemelex_xobeh_ov_fountains_minmay,
          nicolae_overflow_hidden_temple, uniq_terence
D:4:      layout_gridville, ashenzari_altar_1, serial_undead, serial_undead_a,
          serial_undead_c, serial_undead_a, serial_undead_a, serial_shops,
          nicolae_shop_waterfront, shop_statue,
          minmay_fractal_squares_diagonal_5
D:5:      cheibrodos_quashed, layout_basic, lemuel_doored_altar,
          kennysheep_mini, nicolae_overflow_crystal_walls,
          kennysheep_generic_room_11
D:6:      layout_loops_ring, lightli_temple_of_fire, portal_sewer_entry_a,
          uniq_eustachio
D:7:      layout_basic, lemuel_crystal_altar, minmay_temple_entry_junction,
          grunt_ogre_cave
D:8:      layout_basic, lemuel_round_altar, due_lair_maze_entry_diamond,
          serial_shops, shop_fountains, kennysheep_little_box, shop,
          shop_fountains, nicolae_shop_trees
D:9:      layout_loops_ring, david_orc_4, enter_bailey_3,
          nicolae_ru_awakened_eye
D:10:     cheibrodos_helix_gallery, layout_basic
D:11:     layout_rooms, kennysheep_generic_room_7

Skill      XL: |  1  2  3  4  5  6  7  8  9 10 11 |
---------------+----------------------------------+-----
Shields        | 3 4 5 6 7 |  7.0
Axes           | 2 3 4 5 7 9 11 | 11.7
Armour         | 3 4 5 6 |  6.9
Dodging        | 1 2 |  2.7
Fighting       | 4 5 6 |  6.1
Invocations    | 3 5 6 |  6.4
Stealth        | 1 |  1.0
Evocations     | |  0.7

Action                   |  1- 3 |  4- 6 |  7- 9 | 10-12 || total
-------------------------+-------+-------+-------+-------++-------
Melee: War axe           |   179 |    94 |    45 |       ||   318
       Kick              |       |    28 |    98 |   140 ||   266
       Broad axe         |       |       |   352 |   438 ||   790
Evoke: Wand              |       |       |     7 |     2 ||     9
  Use: Scroll            |       |     5 |     3 |       ||     8
  Eat: Chunk             |     1 |     7 |    12 |    14 ||    34
       Ration            |       |       |       |     2 ||     2
Armor: Scale mail        |    92 |    38 |    51 |       ||   181
       Chain mail        |       |       |    40 |       ||    40
       Plate armour      |       |       |   115 |   214 ||   329
Dodge: Dodged            |    53 |    32 |    85 |    82 ||   252
Block: Shield            |    77 |    42 |   192 |   366 ||   677
       Reflection        |       |       |       |    28 ||    28
